 Dungeon Crawl Stone Soup version 0.16.1-25-gbcee3f8 (webtiles) character file.

736 Ruokin the Shield-Bearer (level 7, -5/61 HPs)
             Began as a Deep Dwarf Skald on May 17, 2015.
             Slain by emiel's ghost (7 damage)
             ... on level 5 of the Dungeon.
             The game lasted 00:40:07 (3656 turns).

Ruokin the Shield-Bearer (Deep Dwarf Skald)         Turns: 3656, Time: 00:40:10

Health: -5/61      AC: 13    Str: 15    XL:     7   Next: 46%
Magic:  6/6        EV:  1    Int: 20    God:
Gold:   250        SH: 16    Dex: 12    Spells: 3 memorised, 3 levels left

rFire  . . .     SeeInvis .     a - +0 mace
rCold  . . .     Clarity  .     i - +0 plate armour
rNeg   . . .     SustAb   .     l - +3 large shield
rPois  .         Gourm    .     (no helmet)
rElec  .         Spirit   .     (no cloak)
rCorr  .         Warding  .     (no gloves)
rMut   .         Stasis   .     H - +0 pair of boots
MR     +....                    (no amulet)
Stlth  ..........               (no ring)
                                (no ring)

@: brilliant, lethally poisoned (-5 -> -5), exhausted, very slightly
contaminated, non-regenerating, slowed, very slow, somewhat resistant to hostile
enchantments, extremely unstealthy
A: damage resistance, recharge devices, sense surroundings 1, slow healing 3
a: Device Recharging


You were on level 5 of the Dungeon.
You were not hungry.

You visited 1 branch of the dungeon, and saw 5 of its levels.

You collected 250 gold pieces.

Inventory:

Hand weapons
 a - a +0 mace (weapon)
 t - a -2 morningstar
 v - a +0 falchion
 y - a +0 dagger of speed
Armour
 e - a cursed +0 buckler
 h - a +0 shield
 i - a +0 plate armour (worn)
 j - a +0 ring mail
 l - a +3 large shield (worn)
 u - a +0 scale mail
 z - a +0 helmet
 A - a +0 robe
 H - a +0 pair of boots (worn)
Jewellery
 k - an uncursed amulet of the gourmand {unknown}
Magical devices
 d - a wand of heal wounds (0)
 r - a wand of flame (2)
 x - a wand of slowing (34)
 G - a wand of lightning (6)
Scrolls
 E - a scroll of random uselessness
Potions
 m - a potion of decay {unknown}
 n - a potion of poison
Books
 c - a book of Battle

   Spells                             Type                      Level
   a - Infusion                       Charms                       1
   b - Shroud of Golubria             Charms/Translocation         2
   c - Song of Slaying                Charms                       2
   d - Spectral Weapon                Hexes/Charms                 3
   e - Regeneration                   Charms/Necromancy            3
Comestibles
 b - a meat ration
 f - a bread ration
 q - 2 slices of pizza
 B - 2 royal jellies
 C - 2 beef jerkies


   Skills:
 + Level 2.9 Fighting
 + Level 3.7 Maces & Flails
 + Level 4.1 Armour
 + Level 3.8 Dodging
 + Level 0.6 Stealth
 + Level 4.3 Shields
 + Level 1.9 Spellcasting
 + Level 3.1 Charms
 + Level 1.1 Evocations


You had 3 spell levels left.
You knew the following spells:

 Your Spells              Type           Power        Failure   Level  Hunger
a - Infusion              Chrm           ####..       99%         1    #......
b - Song of Slaying       Chrm           ####....     99%         2    ###....
c - Spectral Weapon       Hex/Chrm       ###.....     100%        3    ###....


Dungeon Overview and Level Annotations

Branches:
Dungeon (5/15)
 Temple: D:4-7

Altars:

Annotations:
D:5 emiel's ghost, experienced HuBe


Innate Abilities, Weirdness & Mutations

You are resistant to damage.
You can recharge devices by infusing magical energy.
You passively map a small area around you.
You do not heal naturally.


Message History

* * * LOW HITPOINT WARNING * * *
You closely miss the adder. The adder bites you but does no damage.
You block emiel's ghost's attack.
You hit the adder.
The adder is moderately wounded.
The adder bites you but does no damage. You block emiel's ghost's attack.
The adder bites you but does no damage.
You miss the adder.
The adder is moderately wounded.
You are no longer berserk.
You are exhausted.
You feel yourself slow down. You block the adder's attack.
You block emiel's ghost's attack.
You closely miss the adder.
The adder is moderately wounded.
You block the adder's attack. Emiel's ghost hits you.
The adder bites you but does no damage.
Emiel's ghost wails.
Emiel's ghost hits you!
You die...

*** ### *,
.≈≈# ,.≈≈≈+
*
####s..≈≈#
#@Srr..≈≈#
#W###...≈≈≈
##### #.#
..≈ ....#
#.# * .≈
###.# #.#
,,, #.# #.#
* * * #.#
#.# * , #.#
#.#######,*
#.# *
#...h...#


You could see emiel's ghost, an adder, a river rat, a giant mite and a rat.

Vanquished Creatures
  A sky beast (D:5)
  2 ogres (D:4)
  Blork the orc (D:5)
  An orc priest (D:4)
  A hound (D:5)
  An orc wizard (D:4)
  2 worker ants (D:4)
  Natasha (twice) (D:5)
  2 iguanas
  Ijyb (D:3)
  Terence (D:2)
  Robin (D:3)
  3 adders
  3 gnolls (D:3)
  A river rat (D:5)
  An adder skeleton (D:4)
  3 giant geckos
  5 orcs
  10 bats
  4 giant cockroaches
  11 hobgoblins
  6 jackals
  8 kobolds
  2 ball pythons
  2 giant newts
  15 goblins
  3 quokkas
  2 quokka skeletons
  15 rats
110 creatures vanquished.

Vanquished Creatures (others)
  5 toadstools (D:1)
5 creatures vanquished.

Grand Total: 115 creatures vanquished

Notes
Turn   | Place    | Note
--------------------------------------------------------------
     0 | D:1      | Ruokin, the Deep Dwarf Skald, began the quest for the Orb.
     0 | D:1      | Reached XP level 1. HP: 19/19 MP: 2/2
    77 | D:1      | Reached skill level 3 in Charms
   148 | D:1      | Reached XP level 2. HP: 17/26 MP: 3/3
   403 | D:1      | Learned a level 2 spell: Song of Slaying
   715 | D:2      | Reached XP level 3. HP: 25/32 MP: 5/5
  1054 | D:2      | Noticed Terence
  1071 | D:2      | Killed Terence
  1665 | D:3      | Reached XP level 4. HP: 26/39 MP: 5/5
  1841 | D:3      | Noticed Robin
  1854 | D:3      | Killed Robin
  1880 | D:3      | Reached skill level 1 in Shields
  2093 | D:3      | Noticed Ijyb
  2167 | D:3      | Killed Ijyb
  2167 | D:3      | Reached XP level 5. HP: 26/45 MP: 5/5
  2178 | D:3      | Learned a level 3 spell: Spectral Weapon
  2660 | D:4      | Noticed an ogre
  2672 | D:4      | Killed an ogre
  2765 | D:4      | Reached XP level 6. HP: 39/55 MP: 5/5
  2843 | D:4      | Noticed an ogre
  2875 | D:4      | Killed an ogre
  3301 | D:4      | Reached skill level 4 in Armour
  3318 | D:5      | Entered Level 5 of the Dungeon
  3318 | D:5      | Noticed Blork the orc
  3328 | D:5      | Reached XP level 7. HP: 53/61 MP: 6/6
  3341 | D:5      | Killed Blork the orc
  3361 | D:5      | Noticed Natasha
  3384 | D:5      | Killed Natasha
  3445 | D:5      | Reached skill level 1 in Evocations
  3470 | D:5      | Noticed emiel's ghost (experienced HuBe)
  3512 | D:5      | Paralysed by miscasting Spectral Weapon for 2 turns
  3589 | D:5      | Noticed Natasha
  3642 | D:5      | Killed Natasha
  3652 | D:5      | HP: 2/91 [emiel's ghost (8)]
  3656 | D:5      | Slain by emiel's ghost

Action                   |  1- 3 |  4- 6 |  7- 9 || total
-------------------------+-------+-------+-------++-------
Melee: Mace              |   163 |   204 |   101 ||   468
       Morningstar       |    50 |   198 |    10 ||   258
 Cast: Song of Slaying   |     1 |       |       ||     1
 Abil: Device Recharging |     1 |     3 |       ||     4
Evoke: Wand              |     5 |    21 |     7 ||    33
  Use: Scroll            |     3 |     4 |     3 ||    10
       Potion            |       |       |     5 ||     5
  Eat: Bread ration      |     1 |     2 |       ||     3
